 Dungeon Crawl Stone Soup version 0.24.0-1-gfbc8707 (webtiles) character file.

Game seed: 7337478744796642865, levelgen mode: deterministic

234 Illumine the Skirmisher (level 6, -1/39 HPs)
             Began as a Gargoyle Monk on Nov 23, 2019.
             Was a Believer of Cheibriados.
             Slain by an iron imp (5 damage)
             ... summoned by Eustachio
             ... on level 4 of the Dungeon.
             The game lasted 00:05:34 (3199 turns).

Illumine the Skirmisher (Gargoyle Monk)             Turns: 3199, Time: 00:05:35

Health: -1/39      AC: 13    Str: 20    XL:     6   Next: 5%
Magic:  4/6        EV:  8    Int: 15    God:    Cheibriados [**....]
Gold:   75         SH:  5    Dex: 16    Spells: 5/5 levels left

rFire    . . .     SeeInvis .   a - +0 mace
rCold    . . .     Gourm    .   (no shield)
rNeg     + . .     Faith    .   n - +0 chain mail
rPois    ∞         Spirit   .   (no helmet)
rElec    +         Reflect  +   (no cloak)
rCorr    .         Harm     .   k - +0 pair of gloves
MR       .....                  (no boots)
Stlth    ..........             o - +5 amulet of reflection
HPRegen  0.13/turn              (no ring)
MPRegen  0.10/turn              (no ring)

@: about to teleport, very slightly contaminated, heavily drained, invisible,
very slow
A: negative energy resistance 1, electricity resistance, unbreathing,
petrification resistance, rot immunity, AC +4
a: Bend Time, Renounce Religion


You were on level 4 of the Dungeon.
You worshipped Cheibriados.
Cheibriados was pleased with you.
You were not hungry.

You visited 2 branches of the dungeon, and saw 6 of its levels.

You collected 75 gold pieces.

Inventory:

Hand Weapons
 a - a +0 mace (weapon)
Missiles
 l - 5 boomerangs (quivered)
Armour
 b - a +0 robe
 k - a +0 pair of gloves (worn)
 n - a +0 chain mail (worn)
Magical Staves
 f - an uncursed staff of earth
Jewellery
 o - a +5 amulet of reflection (around neck)
Wands
 m - a wand of acid (5)
Scrolls
 d - 4 scrolls of identify
 e - a scroll of teleportation
Potions
 h - a potion of flight
 i - a potion of haste
Comestibles
 c - 5 rations
 g - 2 chunks of flesh


   Skills:
 + Level 4.7(3.3) Fighting
 + Level 4.2(2.9) Maces & Flails
 + Level 2.1(0.9) Armour
 + Level 3.4(2.1) Dodging
 - Level 2.2(0.9) Stealth
 + Level 0.3(0.0) Invocations


You had 5 spell levels left.
You didn't know any spells.
Your spell library was empty.

Dungeon Overview and Level Annotations

Branches:
Dungeon (5/15)             Temple (1/1) D:4

Altars:
Ashenzari
Cheibriados
Dithmenos
Hepliaklqana
Kikubaaqudgha
Makhleb
Qazlal
Sif Muna
Trog
Uskayaw
Vehumet
Wu Jian
Xom
Yredelemnul

Annotations:
D:2 Terence
D:3 1 runed translucent door
D:4 Edmund, Eustachio


Innate Abilities, Weirdness & Mutations

You are resistant to torment.
Your stone body is resilient. (AC +4)
You are immune to poison.
You resist negative energy. (rN+)
You are resistant to electric shocks. (rElec)
You can survive without breathing.
You are immune to petrification.
You are immune to rotting.


Message History

The ufetubus hits you but does no damage.
Eustachio says, "My allies will avenge me."
Eustachio gestures wildly while chanting.
The iron imp hits you.
* * * LOW HITPOINT WARNING * * *
You block the ufetubus's attack.
The ufetubus hits you but does no damage.
You fade into invisibility!
The ufetubus hits you but does no damage. x2
The iron imp barely misses you.
The ufetubus hits you but does no damage. x2
You are very lightly contaminated with residual magic.
As you read the scroll labeled PAEROD YG OST, it crumbles to dust.
You feel strangely unstable.
It was a scroll of teleportation.
The ufetubus disappears in a puff of smoke!
The iron imp hits you but does no damage.
As you read the scroll labeled YCWUZU QYTI, it crumbles to dust.
You feel as if something is helping you.
It was a scroll of remove curse.
The iron imp hits you.
You die...

♣.♣.♣.♣.♣..#.# #.##
.8...8...8(#......#
♣.♣.♣.♣.♣.♣.......#
...8...8...######.#
♣.♣.♣.♣.♣.♣##.. ...
.8...8...8.##.# #.#
♣.♣.♣.♣.♣.♣##.# #.#
...8...8...##.###5###.#
♣.♣.♣.♣.♣.♣.#.@5@.§...#
.8...8...8..5.#######.#
♣.♣.♣.♣[♣.♣.#.#
...8...8...##.#
♣.♣.♣.♣.♣.♣##.#
.8...8...8.##.#
♣.♣.♣.♣.♣.###.#
#.###.....# #.# #.#.#.#
..


You could see Eustachio, an iron imp, a quasit and a white imp.

Vanquished Creatures
  An ogre (D:4)
  An iguana (D:5)
  A worker ant (D:5)
  5 adders
  An ooze (D:2)
  2 dart slugs (D:1)
  3 leopard geckos
  An orc (D:4)
  6 bats
  A giant cockroach (D:1)
  6 hobgoblins
  4 jackals (D:4)
  3 kobolds
  6 frilled lizards
  6 goblins
  4 rats
51 creatures vanquished.

Notes
Turn   | Place    | Note
-------+----------+-------------------------------------------
     0 | D:1      | Illumine the Gargoyle Monk began the quest for the Orb.
     0 | D:1      | Reached XP level 1. HP: 14/14 MP: 1/1
   166 | D:1      | Reached XP level 2. HP: 13/19 MP: 2/2
  1053 | D:2      | Reached XP level 3. HP: 14/24 MP: 3/3
  1400 | D:2      | Found a shattered altar of Ashenzari.
  1611 | D:2      | Reached XP level 4. HP: 27/29 MP: 4/4
  1635 | D:2      | Found a shimmering altar of Xom.
  1960 | D:3      | Noticed Terence
  2012 | D:3      | Found a runed translucent door.
  2437 | D:4      | Noticed an ogre
  2447 | D:4      | Killed an ogre
  2447 | D:4      | Reached skill level 1 in Armour
  2447 | D:4      | Reached XP level 5. HP: 34/34 MP: 5/5
  2737 | D:4      | Noticed Edmund
  2749 | D:5      | Entered Level 5 of the Dungeon
  2866 | D:5      | Reached XP level 6. HP: 35/39 MP: 6/6
  2913 | D:4      | Found a staircase to the Ecumenical Temple.
  2921 | Temple   | Entered the Ecumenical Temple
  2992 | Temple   | Became a worshipper of Cheibriados the Contemplative
  2992 | Temple   | Reached * piety under Cheibriados
  2992 | Temple   | Reached ** piety under Cheibriados
  3168 | D:4      | Noticed Eustachio
  3199 | D:4      | Slain by an iron imp

Levels and vault maps discovered:
D:1:      lemuel_arrival_muddy, layout_basic, chequers_serial_rivers_small_b,
          nrook_uturn, minivault_26, kennysheep_decorative_pillar,
          dk_noncrumbling_4
D:2:      layout_rooms, lemuel_coloured_pillars_altar,
          nicolae_ashenzari_panopticon
D:3:      layout_rooms, ebering_ghost_sewer_f, uniq_terence
D:4:      layout_loops_corners, grunt_temple_overflow_gold_and_silver,
          minmay_temple_entry_butterflies, first_ration, kennysheep_crisscross,
          uniq_eustachio, uniq_edmund
D:5:      layout_gridville, lemuel_crystal_altar, grunt_ministairs_3,
          tso_metal_star
Temple:   nicolae_temple_x_marks_the_god

Skill      XL: |  1  2  3  4  5 |
---------------+----------------+-----
Fighting       | 4 |  4.7
Dodging        | 3 |  3.4
Maces & Flails | 4 |  4.2
Armour         | 1 2 |  2.1
Stealth        | |  2.2
Invocations    | |  0.3

Action                   |  1- 3 |  4- 6 || total
-------------------------+-------+-------++-------
Melee: Mace              |   103 |   118 ||   221
Throw: Boomerang         |       |     5 ||     5
Invok: Bend Time         |       |     1 ||     1
  Use: Scroll            |       |     5 ||     5
       Potion            |       |     1 ||     1
 Stab: Sleeping          |     4 |     1 ||     5
  Eat: Chunk             |     2 |     5 ||     7
Armor: Robe              |    31 |    31 ||    62
       Chain mail        |       |    55 ||    55
Dodge: Dodged            |    68 |   103 ||   171
Block: Other             |       |    17 ||    17
